 Dungeon Crawl Stone Soup version 0.24.0-13-gcf9b319 (webtiles) character file.

Game seed: 12858190602547083125, levelgen mode: deterministic

1068 Ekaitz the Insei (level 8, -1/75 HPs)
             Began as an Octopode Transmuter on Nov 21, 2019.
             Was a Believer of Vehumet.
             Slain by an ice beast (13 damage)
             ... on level 5 of the Dungeon.
             The game lasted 00:18:41 (4100 turns).

Ekaitz the Insei (Octopode Transmuter)              Turns: 4100, Time: 00:18:43

Health: -1/75      AC: 24    Str:  9    XL:     8   Next: 28%
Magic:  13/13      EV:  2    Int: 21    God:    Vehumet [**....]
Gold:   195        SH:  0    Dex: 14    Spells: 3/14 levels left

rFire    . . .     SeeInvis .   a - +2 dagger (venom)
rCold    . . .     Gourm    .   (no shield)
rNeg     + + +     Faith    .   (helmet currently unavailable)
rPois    +         Spirit   .   b - amulet of magic regeneration
rElec    .         Reflect  .   C - ring of positive energy
rCorr    .         Harm     .   (no ring)
MR       .....     NoTele   +   (no ring)
Stlth    +++.......             (no ring)
HPRegen  0.22/turn              (no ring)
MPRegen  0.38/turn              (no ring)
                                (no ring)
                                (no ring)

@: brilliant, tree-form, very slightly contaminated, invisible (expiring)
A: almost no armour, stealthy swim, (amphibious), 8 rings, (constrict 8)
a: Renounce Religion


You were on level 5 of the Dungeon.
You worshipped Vehumet.
Vehumet was pleased with you.
You were hungry.
You were a tree.
You visited 1 branch of the dungeon, and saw 5 of its levels.

You collected 195 gold pieces.

Inventory:

Hand Weapons
 a - a +2 dagger of venom (weapon)
 E - a +2 whip of freezing
Missiles
 d - 49 sling bullets
 v - 2 curare-tipped darts (quivered)
 z - 19 bolts
 B - 41 arrows
Armour
 l - a +1 hat (melded)
 y - a +1 scale mail of fire resistance
Jewellery
 b - an amulet of magic regeneration (around neck)
 C - a ring of positive energy (left branch)
Wands
 k - a wand of clouds (8)
Scrolls
 i - 5 scrolls of identify {unknown}
 j - 2 scrolls of enchant weapon {unknown}
 n - 3 scrolls of teleportation {unknown}
 q - 2 scrolls of remove curse {unknown}
 r - a scroll of immolation {unknown}
 t - a scroll of fog {unknown}
 u - a scroll of random uselessness {unknown}
 A - a scroll of enchant armour {unknown}
 G - a scroll of noise {unknown}
Potions
 e - a potion of ambrosia {unknown}
 f - 3 potions of brilliance
 g - 2 potions of lignification
 h - a potion of degeneration {unknown}
 m - a potion of invisibility
 o - a potion of curing {unknown}
 p - a potion of cancellation {unknown}
 s - 2 potions of mutation {unknown}
 w - a potion of resistance {unknown}
 x - a potion of heal wounds {unknown}
 D - a potion of magic {unknown}
Comestibles
 c - 6 rations


   Skills:
 + Level 1.8 Fighting
 + Level 2.2 Short Blades
 + Level 3.5 Dodging
 + Level 4.2 Stealth
 + Level 4.6 Unarmed Combat
 + Level 3.9 Spellcasting
 * Level 2.2 Conjurations
 + Level 2.8 Transmutations
 * Level 2.5 Ice Magic
 - Level 4.0 Poison Magic


You had 3 spell levels left.
You knew the following spells:

 Your Spells              Type           Power        Failure   Level  Hunger
a - Beastly Appendage     Tmut           ####..       1%          1    None
b - Sticks to Snakes      Tmut           ####....     1%          2    #......
c - Spider Form           Tmut/Pois      ####......   1%          3    ###....
d - Ice Form              Ice/Tmut       ####....     4%          4    ####...
z - Magic Dart            Conj           ####         1%          1    None

Your spell library contained the following spells:

 Spells                   Type           Power        Failure   Level  Hunger
 Sandblast                Erth           ###...       1%          1    None
 Blade Hands              Tmut           ####......   12%         5    ######.


Dungeon Overview and Level Annotations

Branches:
Dungeon (5/15)
 Temple: D:4-7

Altars:
Ashenzari
Cheibriados
Elyvilon
Fedhas
Hepliaklqana
Kikubaaqudgha
Vehumet
The Shining One


Innate Abilities, Weirdness & Mutations

You cannot wear most types of armour.
You are very stealthy in the water. (Stealth+)
((You are amphibious.))
You can wear up to eight rings at the same time.
((You can use your tentacles to constrict eight enemies at once.))
((Your skin changes colour to match your surroundings (Stealth+).))
((Your rubbery body absorbs attacks. (AC +1, EV +1)))


Message History

The ice beast hits you but does no damage.
Duvessa hits you but does no damage.
You catch the helpless Duvessa completely off-guard!
You hit Duvessa.
You kill Duvessa!
Vehumet accepts your kill.
Training target 4.0 for Poison Magic reached!
Your Poison Magic skill increases to level 4!
The ice beast hits you but does no damage.
You hit the ice beast but do no damage.
The ice beast is poisoned.
You barely miss the ice beast.
The ice beast is lightly wounded.
The ice beast hits you but does no damage.
You barely miss the ice beast.
The ice beast is lightly wounded.
You flicker for a moment.
The ice beast hits you.
* * * LOW HITPOINT WARNING * * *
The ice beast freezes you!
You die...

.###......p............_..Y......
..................<........##....
#####......................##....
##......e..............##....
#######.....#....................
........###....###.##.......#....
........###..#.##..........###...
........#..e.#.##Y.##......# ###.
...........###.)♣...##..#### #.
........#.## #.)##......###### #.
...)....#........#.###.......# ##
........######.#.............# #
)....#### #......##.......####
.###.)... ...)..####...........
......... .##$### #.......####
#######.# . #e# ######### # ...
#.#


You could see an ice beast.

Vanquished Creatures
  Pikel (D:5)
  Duvessa (D:5)
  A bullfrog (D:4)
  3 scorpions
  Dowan (D:5)
  A bullfrog zombie (D:5)
  A hound (D:4)
  A hound skeleton (D:4)
  3 gnolls (D:5)
  8 adders
  An ooze (D:3)
  An adder skeleton (D:4)
  2 worms
  3 dart slugs
  5 leopard geckos
  An orc (D:4)
  3 ball pythons
  7 bats
  7 giant cockroaches
  11 goblins
  7 hobgoblins
  2 jackals (D:1)
  2 quokkas
  6 frilled lizards
  6 kobolds
  A leopard gecko zombie (D:5)
  A quokka zombie (D:5)
  10 rats
  A plant (D:1)
98 creatures vanquished.

Vanquished Creatures (others)
  2 slaves (D:5)
  A human (D:4)
  A gnoll (D:5)
  An adder (D:5)
5 creatures vanquished.

Grand Total: 103 creatures vanquished

Notes
Turn   | Place    | Note
-------+----------+-------------------------------------------
     0 | D:1      | Ekaitz the Octopode Transmuter began the quest for the Orb.
     0 | D:1      | Reached XP level 1. HP: 13/13 MP: 3/3
   209 | D:1      | Reached XP level 2. HP: 18/18 MP: 3/5
   244 | D:1      | Learned a level 2 spell: Sticks to Snakes
   779 | D:1      | Reached XP level 3. HP: 23/23 MP: 6/6
   784 | D:1      | Learned a level 3 spell: Spider Form
  1051 | D:2      | Found a radiant altar of Vehumet.
  1064 | D:2      | Became a worshipper of Vehumet
  1107 | D:2      | Found a snail-covered altar of Cheibriados.
  1424 | D:2      | Reached skill level 1 in Stealth
  1511 | D:2      | Found an ancient bone altar of Kikubaaqudgha.
  1533 | D:2      | Found a hazy altar of Hepliaklqana.
  1664 | D:2      | Reached XP level 4. HP: 28/28 MP: 7/7
  1750 | D:2      | Reached skill level 1 in Poison Magic
  1759 | D:2      | Found a shattered altar of Ashenzari.
  1849 | D:3      | Reached * piety under Vehumet
  1849 | D:3      | Offered knowledge of Magic Dart by Vehumet.
  1856 | D:3      | Reached XP level 5. HP: 31/33 MP: 7/9
  1859 | D:3      | Learned a level 1 spell: Magic Dart
  2165 | D:3      | Found a glowing golden altar of the Shining One.
  2533 | D:3      | Found a blossoming altar of Fedhas.
  2757 | D:4      | Reached XP level 6. HP: 32/38 MP: 7/10
  2763 | D:4      | Learned a level 4 spell: Ice Form
  2870 | D:4      | Found an ancient bone altar of Kikubaaqudgha.
  2870 | D:4      | Noticed a human
  2875 | D:4      | Killed a human
  3130 | D:5      | Entered Level 5 of the Dungeon
  3130 | D:5      | Noticed a phantom
  3148 | D:5      | Reached skill level 1 in Conjurations
  3150 | D:5      | Found a snail-covered altar of Cheibriados.
  3409 | D:5      | Noticed an ice beast
  3536 | D:5      | Noticed a slave
  3537 | D:5      | Noticed a slave
  3537 | D:5      | Noticed a slave
  3578 | D:5      | Noticed Pikel
  3629 | D:5      | Found a white marble altar of Elyvilon.
  3668 | D:5      | Noticed a slave
  3672 | D:5      | Killed Pikel
  3672 | D:5      | Reached skill level 1 in Short Blades
  3672 | D:5      | Reached XP level 7. HP: 40/44 MP: 12/12
  3672 | D:5      | Reached XP level 8. HP: 45/49 MP: 13/13
  3704 | D:5      | Offered knowledge of Sandblast by Vehumet.
  4047 | D:5      | Noticed Dowan
  4062 | D:5      | Noticed Duvessa
  4088 | D:5      | Killed Dowan
  4097 | D:5      | Killed Duvessa
  4097 | D:5      | Reached ** piety under Vehumet
  4100 | D:5      | Slain by an ice beast

Levels and vault maps discovered:
D:1:      scummos_arrival_hexagon, layout_loops_ring, serial_forest,
          infiniplex_forest_join, infiniplex_forest_end_double,
          infiniplex_forest_clump_small, infiniplex_forest_lined_2
D:2:      layout_basic, lemuel_doored_altar, lemuel_round_altar,
          kiku_gazebo_pond_becter, vehumet_crystals,
          ashenzari_conservatory_becter, kennysheep_generic_room_7
D:3:      layout_rooms, nicolae_overflow_hidden_temple, tso_metal_star
D:4:      layout_cave_pools, chequers_serial_rivers_micro_c, tgw_kikubaaqudgha
D:5:      layout_rooms, gammafunk_temple_overflow_arena, lemuel_round_altar,
          basic_altar, first_ration, uniq_duvessa, uniq_pikel

Skill      XL: |  1  2  3  4  5  6  7  8 |
---------------+-------------------------+-----
Stealth        | 1 2 4 |  4.2
Poison Magic   | 1 2 3 4 |  4.0
Unarmed Combat | 4 |  4.6
Spellcasting   | 3 |  3.9
Conjurations   | 2 |  2.2
Short Blades   | 1 2 |  2.2
Dodging        | 3 |  3.5
Ice Magic      | 2 |  2.5
Fighting       | |  1.8
Transmutations | |  2.8

Action                   |  1- 3 |  4- 6 |  7- 9 || total
-------------------------+-------+-------+-------++-------
Melee: Unarmed           |   105 |    74 |    14 ||   193
       Constrict         |    24 |    21 |     2 ||    47
       Tentacles         |    17 |    12 |     1 ||    30
       Kick              |    11 |       |       ||    11
       Punch             |     2 |     3 |       ||     5
       Dagger            |       |    47 |    25 ||    72
 Cast: Beastly Appendage |     8 |     1 |       ||     9
       Spider Form       |     1 |     9 |     2 ||    12
       Magic Dart        |       |    29 |     3 ||    32
       Sticks to Snakes  |       |     1 |       ||     1
 Abil: End Transformatio |       |     1 |       ||     1
  Use: Potion            |       |       |     3 ||     3
 Stab: Sleeping          |     8 |     6 |       ||    14
       Distracted        |     1 |     1 |       ||     2
       Invisible         |       |       |     2 ||     2
  Eat: Chunk             |     3 |     6 |     2 ||    11
Armor: Skin              |     5 |    14 |    21 ||    40
Dodge: Dodged            |    49 |    86 |    23 ||   158
